Cogmind - Beta 10.2 @@@ ROGUE MODE // 2022.02.19 @ 03:07:38 Player: woegarden Result: Destroyed by S-10 Pest with Light Assault Rifle Performance ------------- Evolutions (1) 500 Regions Visited (2) 400 Robots Destroyed (16) 80 Value Destroyed (357) 357 Prototype IDs (2) 40 Alien Tech Used (0) 0 Bonus (0) 0 TOTAL SCORE: 1377 Bonus ------- None Cogmind --------- Core Integrity 0/400 Matter 73/300 Energy 100/100 System Corruption 0% Temperature Cool (0) Movement Core (150) Ox2 Location -9/Materials Parts ------- > --- POWER (1) -------- (None) > --- PROPULSION (2) --- (None) > --- UTILITY (2) ------ Medium Storage Unit Core Shielding > --- WEAPON (4) ------- (None) > --- INVENTORY (8) ---- Ion Engine Light Ion Engine Advanced Beam Cannon Peak State ------------ > --- POWER ------------ Ion Engine > --- PROPULSION ------- Light Treads Light Treads > --- UTILITY ---------- Core Shielding Core Shielding > --- WEAPON ----------- Beam Cannon Beam Cannon Grenade Launcher Grenade Launcher > --- INVENTORY -------- Light Treads Medium Laser [Rating: 9] Favorites ----------- Power Ion Engine Engine Ion Engine Propulsion Light Treads Treads Light Treads Leg Aluminum Leg Utility Core Shielding Storage High-capacity Matter Pod Protection Core Shielding Weapon Grenade Launcher Energy Gun Beam Rifle Energy Cannon Beam Cannon Launcher Grenade Launcher Build | -11 -10 -9 ------- Run | Scr Mat Mat Slots Evolved 2 | . . 2 Power . | . . . Propulsion . | . . . Utility . | . . . Weapon 2 | . . 2 Parts Attached 23 | 3 6 14 Power 4 | 1 . 3 Engine 4 | 1 . 3 Core . | . . . Reactor . | . . . Propulsion 6 | 2 2 2 Treads 4 | . 2 2 Leg 2 | 2 . . Wheel . | . . . Hover . | . . . Flight . | . . . Utility 5 | . 2 3 Device . | . . . Storage 2 | . . 2 Processor . | . . . Hackware . | . . . Protection 3 | . 2 1 Artifact . | . . . Weapon 8 | . 2 6 Energy Gun 2 | . . 2 Energy Cannon 4 | . . 4 Ballistic Gun . | . . . Ballistic Cannon . | . . . Launcher 2 | . 2 . Special Weapon . | . . . Impact Weapon . | . . . Slashing Weapon . | . . . Piercing Weapon . | . . . Special Melee Weapon . | . . . Unidentified Prototypes 2 | . . 2 Parts Lost 17 | . . 17 Power 3 | . . 3 Propulsion 4 | . . 4 Utility 2 | . . 2 Weapon 8 | . . 8 Highest Loss Streak 17 | . . 17 Average Slot Usage (%) 76 | . 86 70 Engine 11 | . 14 10 Treads 17 | . 19 15 Leg 2 | . 8 . Storage 5 | . . 8 Protection 13 | . 18 11 Energy Gun 1 | . . 2 Energy Cannon 8 | . . 13 Launcher 14 | . 24 9 Naked Turns . | . . . Heaviest Build 22 | 5 13 22 Greatest Support 40 | 20 40 40 Greatest Overweight (x) 5 | . . 5 Average Overweight (x) . | . . . Largest Inventory Capacity 8 | 4 4 8 Average Capacity 4 | 4 4 4 Most Carried 4 | 3 4 4 Average Carried 2 | 1 3 2 Final Capacity 8 | 4 4 8 Final Carried 4 | 2 4 3 Class Distribution -------------------- 81% | Mutant 18% | Bomber Dominant Class ---------------- Mutant | -10/Materials Mutant | -9/Materials Resources | -11 -10 -9 ----------- Run | Scr Mat Mat Matter Collected 292 | 224 . 68 Remotely . | . . . Salvage Created 400 | . 58 342 Parts 34 | . 6 28 Haulers Intercepted 3 | . 1 2 Recyclers Shooed . | . . . Parts Field Recycled . | . . . Retrieved Matter . | . . . Parts Self-Destructed . | . . . Prevented . | . . . Kills | -11 -10 -9 ------- Run | Scr Mat Mat Combat Hostiles Destroyed 11 | . 2 9 Guns 1 | . . 1 Cannons 6 | . . 6 AOE 4 | . 2 2 Classes Destroyed 6 | . 3 3 Worker 1 | . 1 . Builder 1 | . . 1 Hauler 3 | . 1 2 Swarmer 3 | . . 3 Grunt 5 | . 2 3 Sentry 3 | . . 3 Best Kill Streak 8 | . 2 8 Combat Bots Only 7 | . 2 7 Max Kills in Single Turn 2 | . 2 1 Gunslinging . | . . . Exploded 2 | . 2 1 Melee . | . . . Uniques/NPCs Destroyed . | . . . Combat | -11 -10 -9 -------- Run | Scr Mat Mat Damage Taken 2011 | . 212 1799 Core 449 | . 44 405 Absorbed by Shields . | . . . Core Remaining (%) 91 | 100 82 . Volleys Fired 37 | . 4 33 Largest 4 | . 2 4 Hottest 200 | . 60 200 Shots Fired 56 | . 8 48 Gun 10 | . . 10 Cannon 28 | . . 28 Launcher 18 | . 8 10 Special . | . . . Kinetic . | . . . Thermal 38 | . . 38 Explosive 18 | . 8 10 Electromagnetic . | . . . Robot Hit Streak 6 | . 4 6 Robot Miss Streak 3 | . 1 3 Penetration Max . | . . . Secondary Targets . | . . . Shots Hit Robots 38 | . 7 31 Core Hits 23 | . 7 16 Critical Hits 1 | . . 1 Critical Kills . | . . . Critical Parts Destroyed . | . . . Melee Attacks . | . . . Impact . | . . . Slashing . | . . . Piercing . | . . . Sneak Attacks . | . . . Combat Hostiles . | . . . Follow-up Attacks . | . . . Damage Inflicted 1107 | . 329 778 Guns 114 | . . 114 Cannons 371 | . . 371 Explosions 618 | . 329 289 Melee . | . . . Ramming 4 | . . 4 Kinetic . | . . . Thermal 485 | . . 485 Explosive 618 | . 329 289 Electromagnetic . | . . . Impact . | . . . Slashing . | . . . Piercing . | . . . Highest Corruption . | . . . Average Corruption . | . . . Corruption Purged . | . . . Overload Shots . | . . . Overflow Damage 26 | . . 26 Projectiles 1 | . . 1 Explosions 25 | . . 25 Melee . | . . . Knockbacks . | . . . Impact . | . . . Kinetic . | . . . Secondary . | . . . Self-Inflicted Damage 106 | . 83 23 Shots 4 | . 3 1 Rammed 2 | . . 2 Targets Rammed 3 | . . 3 Kicked . | . . . Crushed 1 | . . 1 Highest Temperature 298 | . . 298 Average Temperature 134 | . . 134 Received Heat Transfer 468 | . 75 393 Effects 2 | . . 2 Interference 2 | . . 2 Siege Activations . | . . . Robots Corrupted . | . . . Combat Hostiles . | . . . Parts Fried . | . . . Impact Corruptions . | . . . Robots Melted . | . . . Combat Hostiles . | . . . Parts Melted . | . . . Heat Transferred 999 | . . 999 Parts Sabotaged . | . . . Parts Stolen . | . . . Parts Stripped . | . . . Power Chain Reactions . | . . . Missiles Intercepted . | . . . Alert | -11 -10 -9 ------- Run | Scr Mat Mat Peak Influence 211 | . 67 211 Initial 27 | . . 27 Average 73 | . 28 109 Maximum Alert Level 1 | . . 1 Low Security (%) 95 | 100 100 92 Level 1 4 | . . 7 Level 2 . | . . . Level 3 . | . . . Level 4 . | . . . Level 5 . | . . . High Security . | . . . Max Security . | . . . Squads Dispatched 1 | . . 1 Investigation . | . . . Extermination . | . . . Reinforcement 1 | . . 1 Assault . | . . . Garrison . | . . . Intercept . | . . . Construction Impeded . | . . . Haulers Reinforced . | . . . Stealth | -11 -10 -9 --------- Run | Scr Mat Mat Distress Signals . | . . . Communications Jammed . | . . . Distress Signals . | . . . Times Spotted 23 | . 6 17 Peak Tracking Total 7 | . 4 7 Tactical Retreats 1 | . . 1 Traps | -11 -10 -9 ------- Run | Scr Mat Mat Traps Triggered . | . . . Indirectly . | . . . Trap Hack Attempts . | . . . Triggered . | . . . Disarmed . | . . . Reprogrammed . | . . . Reused . | . . . Traps Extracted . | . . . Installed . | . . . Triggered . | . . . Machines | -11 -10 -9 ---------- Run | Scr Mat Mat Machines Disabled 1 | . 1 . Max in Single Turn 1 | . 1 . Machines Sabotaged . | . . . Garrisons Compromised . | . . . Overloaded Fab Kills . | . . . Fab Network Shutdowns . | . . . Hacking | -11 -10 -9 --------- Run | Scr Mat Mat Machines Accessed . | . . . Terminals . | . . . Fabricators . | . . . Repair Stations . | . . . Recycling Units . | . . . Scanalyzers . | . . . Garrison Access . | . . . Total Hacks . | . . . Successful . | . . . Failed . | . . . Catastrophic . | . . . Database Lockouts . | . . . Manual . | . . . Terminals . | . . . Fabricators . | . . . Repair Stations . | . . . Recycling Units . | . . . Scanalyzers . | . . . Garrison Access . | . . . Terminal Hacks . | . . . Fabricator Hacks . | . . . Repair Station Hacks . | . . . Recycling Unit Hacks . | . . . Scanalyzer . | . . . Garrison Access Hacks . | . . . Unauthorized Hacks . | . . . Terminals . | . . . Fabricators . | . . . Repair Stations . | . . . Recycling Units . | . . . Scanalyzers . | . . . Garrison Access . | . . . Data Cores Recovered . | . . . Used . | . . . Hacking Detections . | . . . Full Trace Events . | . . . Feedback Events . | . . . Feedback Blocked . | . . . Robot Schematics Acquired . | . . . Robots Built . | . . . Matter . | . . . Time . | . . . Total Robot Build Rating . | . . . Part Schematics Acquired . | . . . Parts Built . | . . . Matter . | . . . Time . | . . . Total Part Build Rating . | . . . Parts Repaired . | . . . Time . | . . . Parts Recycled . | . . . Recycled Matter . | . . . Retrieved Matter . | . . . Retrieved Components . | . . . Parts Scanalyzed . | . . . Part Schematics Acquired . | . . . Parts Damaged . | . . . Bothacking | -11 -10 -9 ------------ Run | Scr Mat Mat Used RIF Installer . | . . . Robots Hacked . | . . . Non-combat . | . . . Combat . | . . . Robot Hacks Applied . | . . . Relay Couplers Released . | . . . Robots Rewired . | . . . Allies Hacked . | . . . Hacks Repelled . | . . . Allies | -11 -10 -9 -------- Run | Scr Mat Mat Total Allies . | . . . Largest Group . | . . . Highest-Rated Group . | . . . Highest-Rated Ally . | . . . Total Orders . | . . . Ally Attacks . | . . . Total Damage . | . . . Kills . | . . . Allies Corrupted . | . . . Allies Melted . | . . . Intel | -11 -10 -9 ------- Run | Scr Mat Mat Robot Analysis Total . | . . . Derelict Logs Recovered . | . . . Drone Launches . | . . . Drone Recoveries . | . . . Exploration | -11 -10 -9 ------------- Run | Scr Mat Mat Turns Passed 526 | 45 172 309 Spaces Moved 261 | 38 98 125 Core 23 | 11 . 12 Treads 177 | . 64 113 Legs 61 | 27 34 . Wheels . | . . . Hover . | . . . Flight . | . . . Fastest Speed 50 | 50 120 150 Average Speed 146 | 99 146 161 Slowest Speed 300 | 120 160 300 Overloaded Moves . | . . . Propulsion Burnouts . | . . . Robots Hopped . | . . . Cave-ins Triggered . | . . . Exploration Rate (%) 17 | 4 35 14 Regions Visited 2 Branch Regions . Pre-discovered Areas . | . . . Known Exits Taken . | . . . Unknown Exits Taken 2 | 1 1 . Scrap Searched . | . . . Spaces Dug . | . . . Terrain Destroyed 99 | . 43 56 Melee . | . . . Projectile 1 | . . 1 AOE 98 | . 43 55 Terrain Rammed . | . . . Walls Destroyed . | . . . Machines Disabled . | . . . Actions | -11 -10 -9 --------- Run | Scr Mat Mat Total 352 | 45 119 188 Wait . | . . . Move 259 | 37 97 125 Hop . | . . . Pick Up 26 | 5 9 12 Fast Attach . | . . . Attach 19 | 3 4 12 Detach . | . . . Swap 4 | . 2 2 Drop 4 | . 3 1 Fire 37 | . 4 33 Melee . | . . . Ram . | . . . Kick . | . . . Crush 3 | . . 3 Escape Stasis . | . . . Rewire . | . . . Trap . | . . . Miscellaneous . | . . . Route ------- -11/Scrapyard -10/Materials -9/Materials History --------- Turn | Location | Event 4 | -11/Scrapyard | Discovered new exit (range 15) 46 | -11/Scrapyard | Entered Materials 208 | -10/Materials | Discovered new exit (range 8) 218 | -10/Materials | Entered another Materials area 218 | -9/Materials | Evolved 2 slots: Weapon x2 433 | -9/Materials | Core integrity fell below 50% 444 | -9/Materials | Destroyed 7 combat bots 518 | -9/Materials | Core integrity fell below 20% 527 | -9/Materials | Destroyed by S-10 Pest with Light Assault Rifle Last Messages --------------- 00447_ Core Shielding destroyed. 00447_ K-01 Serf collects debris. 00451_ ALERT: Hostiles spotted, dispatching reinforcements to Terminal M002. 00451_ Acquired Adv. Beam Cannon. 00453_ Beam Rifle destroyed. 00454_ Acquired Faulty Adv. Beam Cannon. 00455_ Dropped Faulty Adv. Beam Cannon. 00455_ K-01 Serf collects debris. 00460_ Acquired Lgt. Ion Engine. 00465_ K-01 Serf destroyed. 00466_ Acquired Adv. Beam Cannon. 00468_ Ion Engine destroyed. 00469_ Acquired Med. Storage Unit. 00473_ Acquired Ion Engine. 00487_ U-05 Engineer lays Concrete. 00495_ Adv. Beam Cannon destroyed. 00509_ Lgt. Treads destroyed. 00512_ Lgt. Ion Engine destroyed. 00523_ K-01 Serf collects debris. Map ----- +----------------------------------------------------+ | ??????# !|! #????????????# #???????????????? | | ??????# |! #????????????# #???????????????? | | ??????# |! #????????????# #???????????????? | | ??????###########????????????# #???????????????? | | ?????????????????????????????# #???????????????? | | ?????????????????????????????# #???????????????? | | ??????????????????????##+##### #???????????????? | | ???????????????######## #???????????????? | | ?????????????? + #???????????????? | | ??????????????????##### #???????????????? | | ??????????????????????# #???????????????? | | ??????????????????????# #???????????????? | | ??????????????????????# g""" #???????????????? | | ??????????????????????# """ #???????????????? | | ??????????????????????# """ #???????????????? | | ??????????????????????# #???????????????? | | ??????????????????????# #???????????????? | | ??????????????????????+ ########???????????????? | | ??????????????????????# #??????????????????????? | | ??????????????????????# #??????????????????????? | | ??????????????????????# #??????????????????????? | | ??????????????????????# #??????????????????????? | | ??????????????????????# s #??????????????????????? | | ??????????????????????# s #??????????????????????? | | ??????????????????????# s #??????????????????????? | | ??????????????????????# @#??????????????????????? | | ??????????????????????# #??????????????????????? | | ??????????????????????# #??????????????????????? | | ??????????????????????# ??????????????????????? | | ??????????????????????+ ??????????????????????? | | ??????????????????????# ??????????????????????? | | ??????????????????????# #??????????????????????? | | ??????????????????????# #??????????????????????? | | ??????????????????????# #??????????????????????? | | ??????????????????????# ???????????????????????? | | ??????????????????????# ???????????????????????? | | ??????????????????????# ???????????????????????? | | ??????????????????????# ???????????????????????? | | ??????????????????????#k ???????????????????????? | | ??????????????????????# ???????????????????????? | | ??????????????????????? ???????????????????????? | | ?????????????????????????????????????????????????? | | ?????????????????????????????????????????????????? | | ?????????????????????????????????????????????????? | | ?????????????????????????????????????????????????? | | ?????????????????????????????????????????????????? | | ?????????????????????????????????????????????????? | | ?????????????????????????????????????????????????? | | ?????????????????????????????????????????????????? | | ?????????????????????????????????????????????????? | +----------------------------------------------------+ Best States ------------- Heat Dissipation 28 Energy Generation 14 Energy Capacity 280 Matter Stores 294 Matter Capacity 500 Sight Range 16 Terrain Scan Density 10 Core Shielding 20 Evasion (%) 50 Recoil Reduction 2 Item Schematics ----------------- None Robot Schematics ------------------ None Fabricated ------------ Nothing Alien Tech Used ----------------- None Achievements -------------- None Challenges ------------ None Game ------ Seed SpectralCentriumPrototype Manual? 0 Play Time 00:10:53 Cumulative 15.4 hours Start 2022.02.19 @ 02:58:06 End 2022.02.19 @ 03:07:38 Sessions 1 Manual Loads 0 Difficulty Rogue Special Mode None Game No. 25 Rogue 4 Adventurer 21 Explorer 0 Win Type - Total 0 Types 0/0/0/0/0/0/0/0/0 Lore% 18 Gallery% 18 Achievement% 14 Wizard Run 0 Options --------- ASCII 0 Keyboard 0 Movement Mouse Keybinds 0 Fullscreen 1 Font 16/Proggy Map View 76x50 Tactical HUD 1 Map Filters NONE Filters NONE Steam 1 RUN: 53f339f7-d1a7-49b5-9173-bb15c7053f6b